 Dungeon Crawl Stone Soup version 0.20.1-1-g8b1a95d (webtiles) character file.

37 Nidhoragg the Caller (level 3, -12/20 HPs)
             Began as a Tengu Summoner on July 28, 2017.
             Mangled by a small abomination (17 damage)
             ... summoned by miscasting Call Canine Familiar
             ... on level 2 of the Dungeon.
             The game lasted 00:24:53 (1244 turns).

Nidhoragg the Caller (Tengu Summoner)               Turns: 1244, Time: 00:24:54

Health: -12/20     AC:  8    Str:  8    XL:     3   Next: 39%
Magic:  4/7        EV:  3    Int: 16    God:
Gold:   81         SH:  0    Dex: 14    Spells: 2/6 levels left

rFire    . . .     SeeInvis .   k - +0 halberd
rCold    . . .     Gourm    .   (shield currently unavailable)
rNeg     . . .     Faith    .   s - +0 chain mail
rPois    .         Spirit   .   (helmet restricted)
rElec    .         Reflect  .   (no cloak)
rCorr    .         Harm     .   (no gloves)
MR       .....                  (boots unavailable)
Stlth    ..........             (no amulet)
Regen    0.1/turn               m - ring of stealth
MPRegen  0.1/turn               (no ring)

@: very slightly contaminated
A: beak, talons 3
a: no special abilities


You were on level 2 of the Dungeon.
You were not hungry.

You visited 1 branch of the dungeon, and saw 2 of its levels.

You collected 81 gold pieces.

Inventory:

Hand Weapons
 i - a +0 club
 k - a +0 halberd (weapon)
Missiles
 j - 42 arrows
Armour
 a - a +0 robe
 s - a +0 chain mail (worn)
Jewellery
 m - a ring of stealth (left hand)
Scrolls
 f - 4 scrolls of identify
 g - a scroll of amnesia {unknown}
 h - a scroll of remove curse {unknown}
 n - a scroll of noise {unknown}
 o - 2 scrolls of teleportation {unknown}
 p - a scroll of enchant armour {unknown}
 r - a scroll of enchant weapon {unknown}
Potions
 e - a potion of cancellation {unknown}
 q - 2 potions of lignification {unknown}
 u - a potion of brilliance {unknown}
Books
 b - a book of Callings

   Spells                             Type                      Level
   a - Summon Small Mammal            Summoning                    1
   b - Call Imp                       Summoning                    2
   c - Call Canine Familiar           Summoning                    3
   d - Summon Guardian Golem          Hexes/Summoning              3
   e - Summon Lightning Spire         Summoning/Air                4
   f - Summon Ice Beast               Ice/Summoning                4
Comestibles
 c - 2 bread rations
 d - 2 meat rations
 l - 2 royal jellies


   Skills:
 * Level 0.6 Fighting
 * Level 0.2 Polearms
 + Level 2.2 Dodging
 + Level 2.0 Stealth
 + Level 2.2 Spellcasting
 + Level 5.7 Summonings


You had 2 spell levels left.
You knew the following spells:

 Your Spells              Type           Power        Failure   Level  Hunger
a - Summon Small Mammal   Summ           ###.         98%         1    #......
b - Call Canine Familiar  Summ           ###.....     100%        3    ###....


Dungeon Overview and Level Annotations

Branches:
Dungeon (2/15)

Altars:


Innate Abilities, Weirdness & Mutations

You have a beak for a mouth.
You have claws for feet.


Message History

Casting: Summon Small Mammal
Confirm with . or Enter, or press ? or * to list all spells.
The spell is very dangerous to cast!
Continue anyway?
Okay, then.
Casting: Call Canine Familiar
Confirm with . or Enter, or press ? or * to list all spells.
The spell is very dangerous to cast!
Continue anyway?
Uppercase [Y]es or [N]o only, please.
The spell is very dangerous to cast!
Continue anyway?
You miscast Call Canine Familiar.
You are very lightly contaminated with residual magic.
A chorus of moans calls out to you!
The goblin shouts!
The small abomination hits you! The small abomination hits you!
* * * LOW HITPOINT WARNING * * *
The small abomination hits you but does no damage.
The goblin hits you but does no damage. The small abomination hits you!
Ouch! That really hurt!
You die...

######### #.......#
######.......#
............#
##..........#
#<..#.......##
#.......@....# ########
#...##.gxx##.# #......#
#.................. #
#.....#..##.#).......
#.##.......##.#........
#.............##.#####.
+.##...................
# #..........##.#####.


You could see 3 small abominations and a goblin.

Vanquished Creatures
  A bat (D:1)
  A hobgoblin (D:1)
  A quokka (D:2)
  A rat (D:1)
4 creatures vanquished.

Vanquished Creatures (collateral kills)
  A gnoll (D:1)
  An ooze (D:2)
  2 leopard geckos (D:1)
  3 giant cockroaches (D:1)
  4 goblins
  2 hobgoblins
  3 bats (D:1)
  6 frilled lizards (D:1)
  2 kobolds (D:2)
  9 rats
33 creatures vanquished.

Grand Total: 37 creatures vanquished

Notes
Turn   | Place    | Note
-------+----------+-------------------------------------------
     0 | D:1      | Nidhoragg the Tengu Summoner began the quest for the Orb.
     0 | D:1      | Reached XP level 1. HP: 10/10 MP: 4/4
    23 | D:1      | Reached skill level 5 in Summonings
   165 | D:1      | Reached XP level 2. HP: 13/15 MP: 3/6
   401 | D:1      | Reached XP level 3. HP: 19/19 MP: 0/7
   406 | D:1      | Learned a level 3 spell: Call Canine Familiar
  1237 | D:2      | Noticed a small abomination
  1237 | D:2      | Noticed a small abomination
  1237 | D:2      | Noticed a small abomination
  1244 | D:2      | Mangled by a small abomination

Skill      XL: |  1 |
---------------+----+-----
Summonings     | 5 |  5.7
Fighting       | |  0.6
Polearms       | |  0.2
Dodging        | |  2.2
Stealth        | |  2.0
Spellcasting   | |  2.2

Action                   || total
-------------------------++-------
Melee: Unarmed           ||     3
       Club              ||     2
       Kick              ||     2
       Halberd           ||     6
       Peck              ||     1
 Cast: Summon Small Mamm ||    46
       Call Canine Famil ||     7
  Use: Scroll            ||     1
  Eat: Chunk             ||     3
Armor: Robe              ||     6
       Chain mail        ||     2
Dodge: Dodged            ||    18
